 Dungeon Crawl Stone Soup version 0.21-a0-584-g185da8e (webtiles) character file.

7858 esteth the Spear-Bearer (level 11, -2/82 HPs)
             Began as a Demonspawn Chaos Knight on Dec 20, 2017.
             Slain by a four-headed hydra (7 damage)
             ... on level 10 of the Dungeon.
             The game lasted 00:21:16 (8952 turns).

esteth the Spear-Bearer (Demonspawn Chaos Knight)   Turns: 8952, Time: 00:21:17

Health: -2/82      AC:  7    Str: 16 (17) XL:     11   Next: 2%
Magic:  11/11      EV: 16    Int: 18      God:    Xom [....*.]
Gold:   468        SH:  0    Dex: 13      Spells: 10/10 levels left

rFire    . . .     SeeInvis .   C - +7 bardiche of Foxzeran {chop, Stlth+}
rCold    . . .     Gourm    .   (shield currently unavailable)
rNeg     + . .     Faith    +   f - +0 scale mail {rN+}
rPois    +         Spirit   .   (no helmet)
rElec    +         Reflect  .   w - scarf {repulsion}
rCorr    .         Harm     .   (no gloves)
MR       .....                  (no boots)
Stlth    +.........             I - amulet of faith
HPRegen  0.23/turn              x - ring of flight
MPRegen  0.12/turn              F - +4 ring of intelligence

@: repel missiles
A: talons 2, repulsion field 3, blink, mutation resistance 1, poison resistance,
electricity resistance, spiny 2, strong 1, rot immunity
a: Blink, Renounce Religion, Evoke Flight


You were on level 10 of the Dungeon.
You worshipped Xom.
You were a beloved toy of Xom.
You were not hungry.

You visited 1 branch of the dungeon, and saw 10 of its levels.

You collected 468 gold pieces.

Inventory:

Hand Weapons
 a - a +0 hand axe of chaos
 C - the +7 bardiche of Foxzeran (weapon) {chop, Stlth+}
   (You found it on level 6 of the Dungeon)

   It inflicts extra damage upon your enemies.
   It makes you more stealthy.
Missiles
 H - 23 bolts
Armour
 b - a +2 leather armour
 f - a +0 scale mail of positive energy (worn)
 w - a scarf of repulsion (worn)
Jewellery
 x - a ring of flight (left hand)
 F - a +4 ring of intelligence (right hand)
 I - an amulet of faith (around neck)
Wands
 v - a wand of digging (14)
 y - a wand of disintegration (5)
 J - a wand of iceblast (12)
Scrolls
 d - 3 scrolls of fear {unknown}
 i - 12 scrolls of identify {unknown}
 j - 4 scrolls of random uselessness {unknown}
 l - 3 scrolls of immolation {unknown}
 m - 3 scrolls of enchant weapon {unknown}
 n - 6 scrolls of remove curse {unknown}
 p - 4 scrolls of magic mapping {unknown}
 q - 5 scrolls of teleportation {unknown}
 r - a scroll of blinking {unknown}
 s - 2 scrolls of enchant armour {unknown}
 z - a scroll of silence {unknown}
 E - a scroll of torment {unknown}
 G - a scroll of fog {unknown}
Potions
 e - a potion of heal wounds
 g - 2 potions of agility {unknown}
 h - 3 potions of degeneration {unknown}
 k - 3 potions of berserk rage {unknown}
 o - 2 potions of mutation {unknown}
 t - 3 potions of lignification {unknown}
 u - 2 potions of haste {unknown}
 A - a potion of cancellation {unknown}
 B - 3 potions of curing {unknown}
 D - a potion of resistance {unknown}
Comestibles
 c - 13 rations
 K - 7 chunks of flesh


   Skills:
 - Level 6.3 Fighting
 - Level 5.6(9.4) Axes
 + Level 11.6(12.1) Polearms
 - Level 5.4 Armour
 - Level 5.0 Dodging


You had 10 spell levels left.
You didn't know any spells.

Dungeon Overview and Level Annotations

Branches:
Dungeon (10/15)            Temple (0/1) D:7
   Lair: D:8-11         Orc: D:9-12

Altars:
Dithmenos
Elyvilon
Fedhas
Gozag
Hepliaklqana
Makhleb
Qazlal
Ru
Uskayaw
Vehumet
Wu Jian
Xom

Shops:
D:6 (

Annotations:
D:6 1 runed door


Innate Abilities, Weirdness & Mutations

You have razor-sharp toenails.
You are surrounded by a strong repulsion field. (EV +4, RMsl)
You are mostly covered in sharp spines.
You are immune to rotting.
You can translocate small distances at will.
You are somewhat resistant to further mutation.
Your system is resistant to poisons. (rPois)
You are resistant to electric shocks. (rElec)
Your muscles are strong. (Str +2)


Message History

The four-headed hydra bites you. The four-headed hydra bites you!
The four-headed hydra bites you.
The dream sheep ruffles its wool and motes of dream dust sparkle, to no effect. "This is how I like it!"
You swap places with the plant.
Some monsters swap places.
The dream sheep looks rather confused.
You are now a beloved toy of Xom.
The four-headed hydra bites you. x2
* * * LOW HITPOINT WARNING * * *
The four-headed hydra bites you.
* * * LOW HITPOINT WARNING * * *
The four-headed hydra bites you!
* * * LOW HITPOINT WARNING * * *
The four-headed hydra completely misses you.
The four-headed hydra bites you but does no damage.
The four-headed hydra bites you.
* * * LOW HITPOINT WARNING * * *
The four-headed hydra bites you!
You die...
Xom chortles!

,,, #..# #(..######.#
** ** #..# #..........#
, ,* #..#
*,,,.......###### ***
#..#
#######**#..........
#########..#
#PP≈P.+,,**#........
...........# #P≈)≈≈#,,#
#........
..........P###≈.P≈P##'#
#........
...........Y.#..%..#..#
#.....)..
...........#(.≈.@..'..#
#........
...........###.D.%.'..#
#........ ...........#
#≈.%..'.%# #........
...........###.....#.%#
#........
.............#######*##
#........
..........#### #.#
#........ ..........#
#.# #........
..........# #.#
#........ ..........#
#.# #.>......


You could see a four-headed hydra and a dream sheep (confused).

Vanquished Creatures
  3 two-headed ogres
  A manticore (D:9)
  A dream sheep (D:10)
  A hippogriff (D:9)
  8 yaks
  A hungry ghost (D:7)
  Grum (D:8)
  Duvessa (D:6)
  A black bear (D:6)
  An ice beast (D:7)
  2 sky beasts
  A necrophage (D:9)
  An orc warrior (D:9)
  An ogre (D:7)
  3 phantoms
  2 wolves (D:8)
  2 centaurs
  A crocodile (D:8)
  4 big kobolds
  4 bullfrogs
  A wyvern zombie (D:9)
  Dowan (D:6)
  6 scorpions
  4 killer bees (D:5)
  A howler monkey (D:7)
  3 crimson imps
  A centaur zombie (D:4)
  4 bullfrog zombies
  2 orc priests
  2 jellies
  2 gnoll shamans
  5 orc wizards
  A centaur skeleton (D:4)
  An iguana (D:8)
  9 worker ants
  A hound skeleton (D:9)
  3 worker ant zombies
  A howler monkey zombie (D:4)
  12 adders
  18 gnolls
  2 shadow imps
  9 oozes
  2 adder skeletons (D:4)
  2 worms
  A dart slug (D:2)
  5 leopard geckos
  24 orcs
  7 giant cockroaches
  10 goblins
  10 hobgoblins
  8 jackals
  2 quokkas
  A ball python (D:3)
  9 bats
  9 frilled lizards
  A jackal zombie (D:4)
  17 kobolds
  A leopard gecko skeleton (D:4)
  3 quokka skeletons
  6 rats
247 creatures vanquished.

Vanquished Creatures (others)
  A jelly (D:1)
  2 oozes (D:1)
  A goblin (D:1)
  2 jackals (D:1)
6 creatures vanquished.

Grand Total: 253 creatures vanquished

Notes
Turn   | Place    | Note
-------+----------+-------------------------------------------
     0 | D:1      | esteth the Demonspawn Chaos Knight began the quest for the Orb.
     0 | D:1      | Reached XP level 1. HP: 18/18 MP: 1/1
     2 | D:1      | Found a runed door.
   129 | D:1      | XOM: divination: magic mapping
   144 | D:1      | Reached skill level 1 in Dodging
   223 | D:1      | XOM: harmless Conj miscast
   252 | D:1      | Noticed a jelly
   289 | D:1      | XOM is BORED!
   289 | D:1      | XOM: harmless Tmut miscast
   371 | D:1      | Gained mutation: You are surrounded by a mild repulsion field. (EV +2) [demonic ancestry]
   371 | D:1      | Reached XP level 2. HP: 20/24 MP: 2/2
   460 | D:1      | XOM: silly message
   792 | D:1      | XOM: give mutations
   792 | D:1      | Gained mutation: Your system is resistant to poisons. (rPois) [Xom's grace]
   792 | D:1      | Gained mutation: You are resistant to electric shocks. (rElec) [Xom's grace]
   792 | D:1      | Gained mutation: You are somewhat resistant to further mutation. [Xom's grace]
   959 | D:1      | XOM: divination: detect creatures
   985 | D:1      | Gained mutation: You are partially covered in sharp spines. [demonic ancestry]
   985 | D:1      | Reached XP level 3. HP: 15/29 MP: 3/3
   985 | D:1      | XOM: fog
   989 | D:1      | XOM: destruction
  1155 | D:1      | XOM: 3-stop teleportation journey
  1272 | D:2      | Found a hazy altar of Hepliaklqana.
  1518 | D:2      | Gained mutation: You are surrounded by a moderate repulsion field. (EV +3) [demonic ancestry]
  1518 | D:2      | Reached XP level 4. HP: 35/35 MP: 4/4
  1539 | D:2      | XOM: give mutations
  1539 | D:2      | Gained mutation: Your muscles are strong. (Str +2) [Xom's grace]
  1539 | D:2      | Gained mutation: You can translocate small distances at will. [Xom's grace]
  1808 | D:2      | Found a shadowy altar of Dithmenos.
  1817 | D:2      | XOM: divination: magic mapping
  2150 | D:3      | Found a burning altar of Makhleb.
  2615 | D:3      | Gained mutation: You have sharp toenails. [demonic ancestry]
  2615 | D:3      | Reached XP level 5. HP: 37/42 MP: 5/5
  3019 | D:3      | XOM: scenery: 1 doors close
  3097 | D:4      | Gained mutation: You have razor-sharp toenails. [demonic ancestry]
  3097 | D:4      | Reached XP level 6. HP: 48/48 MP: 6/6
  3128 | D:4      | Found an opulent altar of Gozag.
  3170 | D:4      | Found a radiant altar of Vehumet.
  3601 | D:4      | Found an ornate altar of the Wu Jian Council.
  3610 | D:4      | Found a white marble altar of Elyvilon.
  3672 | D:4      | Gained mutation: You are mostly covered in sharp spines. [demonic ancestry]
  3672 | D:4      | Reached XP level 7. HP: 36/55 MP: 7/7
  3853 | D:5      | Entered Level 5 of the Dungeon
  3868 | D:5      | Found a blossoming altar of Fedhas.
  3960 | D:5      | XOM: divination: magic mapping
  3960 | D:5      | Reached skill level 5 in Fighting
  4167 | D:5      | Reached skill level 5 in Axes
  4167 | D:5      | Reached XP level 8. HP: 39/63 MP: 8/8
  4230 | D:5      | XOM: 1-stop teleportation journey
  4444 | D:5      | XOM: mild Conj miscast
  4589 | D:6      | XOM: scenery: create altars
  4735 | D:6      | Found Lupeqis's Antique Weapon Shoppe.
  4792 | D:6      | Noticed Duvessa
  4792 | D:6      | Noticed Dowan
  4797 | D:6      | Killed Dowan
  4797 | D:6      | Reached skill level 5 in Armour
  4808 | D:6      | Killed Duvessa
  4914 | D:6      | Got a smoking bardiche
  4915 | D:6      | Identified the +7 bardiche of Foxzeran {chop, Stlth+} (You found it on level 6 of the Dungeon)
  5012 | D:6      | Found a runed door.
  5042 | D:6      | XOM: harmless Necr miscast
  5182 | D:6      | Reached skill level 5 in Dodging
  5333 | D:6      | XOM: potion effect (brilliance)
  5336 | D:6      | Reached skill level 1 in Polearms
  5553 | D:7      | Reached skill level 2 in Polearms
  5603 | D:7      | XOM: scenery: create altars
  5611 | D:7      | Reached skill level 3 in Polearms
  5611 | D:7      | Gained mutation: You are immune to rotting. [demonic ancestry]
  5611 | D:7      | Reached XP level 9. HP: 70/70 MP: 9/9
  5634 | D:7      | Found a hide-covered altar of Uskayaw.
  5645 | D:7      | Found a staircase to the Ecumenical Temple.
  5651 | D:7      | Reached skill level 4 in Polearms
  5881 | D:7      | XOM: divination: magic mapping
  5990 | D:7      | Found a stormy altar of Qazlal.
  6203 | D:7      | Reached skill level 5 in Polearms
  6210 | D:7      | XOM: noise
  6254 | D:7      | XOM: divination: detect creatures
  6463 | D:8      | Reached skill level 6 in Polearms
  6631 | D:8      | Noticed a two-headed ogre
  6633 | D:8      | Killed a two-headed ogre
  6633 | D:8      | Reached skill level 7 in Polearms
  6691 | D:8      | XOM: mild Ice miscast
  6753 | D:8      | Noticed Grum
  6753 | D:8      | Reached skill level 8 in Polearms
  6763 | D:8      | Killed Grum
  6818 | D:8      | XOM: silly message
  6821 | D:8      | Reached XP level 10. HP: 44/77 MP: 10/10
  7360 | D:9      | Noticed a manticore
  7368 | D:9      | Killed a manticore
  7368 | D:9      | Reached skill level 9 in Polearms
  7599 | D:9      | XOM: 1-stop teleportation journey
  7890 | D:9      | XOM: god gift: 58 gold pieces
  7927 | D:9      | Noticed a two-headed ogre
  7931 | D:9      | Killed a two-headed ogre
  7975 | D:9      | Found a sacrificial altar of Ru.
  8028 | D:9      | Reached skill level 10 in Polearms
  8028 | D:9      | XOM: summons friendly shadow imp
  8398 | D:9      | Found a sacrificial altar of Ru.
  8467 | D:10     | Entered Level 10 of the Dungeon
  8531 | D:10     | XOM: god gift: 14 bolts
  8535 | D:10     | XOM: blink monster(s)
  8545 | D:10     | XOM: cleaving
  8552 | D:10     | XOM: confuse monster(s)
  8562 | D:10     | XOM: swap monsters
  8595 | D:10     | Noticed a two-headed ogre
  8596 | D:10     | XOM: enchant monster (bad)
  8597 | D:10     | XOM: divination: magic mapping
  8600 | D:10     | XOM: 4-stop teleportation journey
  8604 | D:10     | XOM: confuse monster(s)
  8611 | D:10     | XOM: 4-stop teleportation journey
  8614 | D:10     | XOM: cleaving
  8618 | D:10     | Killed a two-headed ogre
  8618 | D:10     | Reached skill level 11 in Polearms
  8868 | D:10     | XOM: stat loss: -1 Str (16/17)
  8882 | D:10     | XOM: blink monster(s)
  8940 | D:10     | Gained mutation: You are surrounded by a strong repulsion field. (EV +4, RMsl) [demonic ancestry]
  8940 | D:10     | Reached XP level 11. HP: 82/82 MP: 11/11
  8942 | D:10     | Noticed a three-headed hydra
  8951 | D:10     | XOM: swap monsters
  8952 | D:10     | Slain by a four-headed hydra

Vault maps used:
D:1:      dpeg_arrival_caged_fury, amethyst_killhole
D:2:      wad_river_or_something, lemuel_round_altar,
          nicolae_overflow_hidden_temple, overflow_temple_1_default
D:3:      marbit_many_paths, first_ration
D:4:      lemuel_round_altar, fiery_altar_vehumet, minitemple, serial_undead,
          serial_undead_c, serial_undead_e, serial_undead_d, serial_undead_d
D:5:      fedhas_altar_2
D:6:      serial_shops, shop, uniq_duvessa, uniq_crazy_yiuf_cottage
D:7:      kennysheep_mini_moat, old_standard_altar,
          minmay_temple_entry_statues_fountains
D:8:      uniq_grum
D:9:      lemuel_coloured_pillars_altar, basic_altar
D:10:     serial_shops, shop, hangedman_ranch, hangedman_tell_no_tales

Skill      XL: |  1  2  3  4  5  6  7  8  9 10 |
---------------+-------------------------------+-----
Dodging        | 1 2 3 4 5 |  5.0
Armour         | 2 3 4 5 |  5.4
Axes           | 3 4 5 |  5.6
Fighting       | 4 5 6 |  6.3
Polearms       | 3 8 11 | 11.6

Action                   |  1- 3 |  4- 6 |  7- 9 | 10-12 || total
-------------------------+-------+-------+-------+-------++-------
Melee: Hand axe          |   110 |   148 |   105 |       ||   363
       Kick              |       |    22 |    43 |    18 ||    83
       Bardiche          |       |       |   108 |   113 ||   221
  Use: Potion            |       |       |     3 |       ||     3
 Stab: Paralysed         |     1 |     2 |     8 |       ||    11
       Distracted        |     1 |       |       |       ||     1
       Confused          |       |     1 |       |     1 ||     2
  Eat: Chunk             |     2 |     6 |     9 |     7 ||    24
       Ration            |       |       |     1 |       ||     1
Armor: Leather armour    |    22 |    24 |       |       ||    46
       Scale mail        |       |       |    58 |    30 ||    88
Dodge: Dodged            |    60 |    98 |   139 |    98 ||   395
       Deflected         |       |       |     4 |     2 ||     6

Table legend:
 A = Spawn XP
 B = Non-spawn XP
 C = Spawn XP percentage of total XP
 D = Spawn monster count
 E = Non-spawn monster count
 F = Spawn count percentage of total count
 G = Total turns spent on level
                    A         B        C        D         E        F      G
               +---------+---------+-------+---------+---------+-------+---------
         Total |       0 |   11227 |   0.0 |       0 |     247 |   0.0 |  8952
               +---------+---------+-------+---------+---------+-------+---------
           D:1 |       0 |      66 |   0.0 |       0 |      27 |   0.0 |  1267
           D:2 |       0 |      51 |   0.0 |       0 |      28 |   0.0 |   699
           D:3 |       0 |     109 |   0.0 |       0 |      31 |   0.0 |  1096
           D:4 |       0 |     551 |   0.0 |       0 |      26 |   0.0 |   791
           D:5 |       0 |     749 |   0.0 |       0 |      18 |   0.0 |   626
           D:6 |       0 |     949 |   0.0 |       0 |      31 |   0.0 |  1073
           D:7 |       0 |    1268 |   0.0 |       0 |      23 |   0.0 |   836
           D:8 |       0 |    1898 |   0.0 |       0 |      17 |   0.0 |   793
           D:9 |       0 |    3067 |   0.0 |       0 |      27 |   0.0 |  1288
          D:10 |       0 |    2519 |   0.0 |       0 |      19 |   0.0 |   483
               +---------+---------+-------+---------+---------+-------+---------
